 Dungeon Crawl Stone Soup version 0.28-a0-861-ge64d6db94f (webtiles) character file.

Game seed: 7318295585953179233

1130 flotson the Skirmisher (level 8, -4/62 HPs)
             Began as a Demonspawn Delver on Nov 16, 2021.
             Was an Initiate of Gozag.
             Slain by a wight (12 damage)
             ... on level 6 of the Dungeon.
             The game lasted 00:09:10 (4451 turns).

flotson the Skirmisher (Demonspawn Delver)          Turns: 4451, Time: 00:09:11

Health: -4/62      AC:  5    Str: 15    XL:     8   Next: 13%
Magic:  8/8        EV: 13    Int: 12    God:    Gozag
Gold:   284        SH:  0    Dex: 14    Spells: 7/7 levels left

rFire   . . .      SeeInvis .   y - +0 quarterstaff (spect)
rCold   . . .      Faith    .   (shield currently unavailable)
rNeg    . . .      Spirit   .   k - +0 leather armour
rPois   .          Reflect  .   (helmet restricted)
rElec   .          Harm     .   j - +0 cloak
rCorr   .          Rampage  .   m - +0 pair of gloves
Will    .....                   (no boots)
Stlth   ++........              (no amulet)
HPRegen 0.20/turn               (no ring)
MPRegen 0.11/turn               (no ring)

@: hasted, very quick
A: antennae 2, hooves 1, powered by death 1, weakness stinger 1
a: Renounce Religion, Potion Petition, Call Merchant, Bribe Branch


You were on level 6 of the Dungeon.
You worshipped Gozag.
Gozag was aware of your devotion.
You visited 2 branches of the dungeon, and saw 7 of its levels.

You collected 386 gold pieces.
You spent 36 gold pieces at shops.
You paid 66 gold pieces to Gozag.

Inventory:

Hand Weapons
 a - a +0 hand axe
 b - a +0 long sword
 q - a +2 dagger of freezing
 y - a +0 spectral quarterstaff (weapon)
Missiles
 i - 6 datura-tipped darts
 s - 17 poisoned darts
 u - 6 curare-tipped darts
 z - 5 silver boomerangs (quivered)
 B - 5 boomerangs of dispersal
Armour
 j - a +0 cloak (worn)
 k - a +0 leather armour (worn)
 m - a +0 pair of gloves (worn)
Jewellery
 w - a ring of poison resistance
Wands
 g - a wand of digging (3)
Scrolls
 c - 3 scrolls of fog
 d - 2 scrolls of magic mapping
 e - 3 scrolls of fear
 h - a scroll of torment {unknown}
 l - 2 scrolls of vulnerability {unknown}
 n - 2 scrolls of blinking {unknown}
 p - a scroll of enchant weapon {unknown}
 r - a scroll of immolation {unknown}
 v - a scroll of silence {unknown}
 x - 2 scrolls of identify {unknown}
 A - a scroll of enchant armour {unknown}
Potions
 o - a potion of heal wounds {unknown}
 t - 3 potions of magic {unknown}
 C - a potion of lignification {unknown}


   Skills:
 + Level 5.1 Fighting
 + Level 3.4 Long Blades
 - Level 2.1 Axes
 + Level 3.6 Throwing
 + Level 3.6 Armour
 + Level 4.2 Dodging
 - Level 4.5 Stealth
 + Level 1.0 Evocations


You had 7 spell levels left.
You didn't know any spells.
Your spell library contained the following spells:

 Spells                   Type           Power      Damage    Failure   Level
 Apportation              Tloc           0%         N/A       38%         1
 Alistair's Intoxication  Tmut/Pois      0%         N/A       100%        5


Dungeon Overview and Level Annotations

Branches:
Dungeon (6/15)             Temple (1/1) D:4

Altars:
Dithmenos
Fedhas
Gozag
Vehumet
Wu Jian

Shops:
D:2 (   D:3 (![(

Annotations:
D:5 3 runed translucent doors, Dowan; Duvessa; a11behringer's ghost, amateur DrTm
D:6 1 runed translucent door, mathmaestro's ghost, novice TrMo


Innate Abilities, Weirdness & Mutations

You have a pair of antennae on your head.
You have large cloven feet.
You regenerate a little health from kills.
You have a small tail.


Message History

The wight hits you with a +3 great sword of freezing.
The wight freezes you. The wight closely misses you.
You closely miss the wight. You kick the wight, but do no damage.
The wight is almost destroyed.
The wight barely misses you.
You barely miss the wight. You kick the wight, but do no damage.
The wight is almost destroyed.
The wight hits you with a +3 great sword of freezing!
The wight freezes you.
You hit the wight but do no damage. You kick the wight, but do no damage.
The wight is almost destroyed.
The wight misses you.
The wight hits you with a +3 great sword of freezing!
* * * LOW HITPOINT WARNING * * *
The wight freezes you.
* * * LOW HITPOINT WARNING * * *
The wight is distracted by your dazzling golden aura.
You see here 14 stones.
Throw: 5 boomerangs (silver)
Press: ? - help, Q - select action, (/) - cycle Shift-Dir - straight line, f - wight
Aim: a wight, wielding a +3 great sword of freezing and wearing a +0 robe (almost destroyed, unaware, hasn't noticed you, 62% to hit)
You throw a silver boomerang.
The silver boomerang closely misses the wight.
Throw: 5 boomerangs (silver)
Press: ? - help, Q - select action, (/) - cycle Shift-Dir - straight line, f/p - wight
Aim: a wight, wielding a +3 great sword of freezing and wearing a +0 robe (almost destroyed, 62% to hit)
You throw a silver boomerang. The silver boomerang hits the wight.
The wight is no longer distracted by gold.
The wight is almost destroyed.
Found 13 arrows.
Found a morningstar.
Okay, then.
Unknown command.
You can't see any enemies this would affect, really read the scroll of fear?
Okay, then.
Unknown command.
You feel yourself speed up.
The wight hits you with a +3 great sword of freezing!
You die...
Your body crumbles into a pile of gold.

#.#
#......#.#####
#(# #......#.##
#.# #......#..#
#.#
#......##.##
#.#
#|.....##..##
#####.###
#...........#
#.......#
#...........#
#......z#
#...........#
#......@#
##.#........##
.........#
#)#...^.....#
###.z(....#
#.##......#.#
...........)#
##.##......#..
............#
#..........##.
............#
#..........##.
............#
#..........###
........#####
#..........# #
.......
#####.##......#
#


You could see 2 wights.

Vanquished Creatures
  Grinder (D:4)
  An ice beast (D:5)
  An ogre (D:5)
  A phantom (D:4)
  3 scorpions
  A water moccasin skeleton (D:5)
  3 wights
  A bullfrog zombie (D:6)
  2 hounds
  A bullfrog skeleton (D:5)
  2 iguanas
  An orc wizard (D:5)
  A hound zombie (D:5)
  4 adders
  An ufetubus (D:5)
  An adder skeleton (D:4)
  2 worms
  A dart slug (D:1)
  5 orcs
  3 endoplasms
  3 giant cockroaches
  4 goblins
  5 hobgoblins
  A quokka (D:1)
  13 ball pythons
  6 bats
  4 frilled lizards
  3 kobolds
  5 rats
80 creatures vanquished.

Notes
Turn   | Place    | Note
-------+----------+-------------------------------------------
     0 | D:5      | flotson the Demonspawn Delver began the quest for the Orb.
     0 | D:5      | Reached XP level 1. HP: 18/18 MP: 1/1
    37 | D:5      | Found a runed translucent gate.
    37 | D:5      | Found a runed translucent gate.
    38 | D:5      | Found a runed translucent gate.
    41 | D:5      | Noticed a11behringer's ghost (amateur DrTm)
    41 | D:5      | Noticed a water moccasin zombie
    90 | D:5      | Noticed an ice beast
   253 | D:4      | Noticed Grinder
   266 | D:4      | Paralysed by Grinder for 3 turns
   306 | D:3      | Found Umeotwyq's Weapon Emporium.
   370 | D:3      | Found Ihis's Distillery.
   377 | D:3      | Gained mutation: You regenerate a little health from kills.
                  | [demonic ancestry]
   377 | D:3      | Reached XP level 2. HP: 23/24 MP: 2/2
   743 | D:2      | Found Zuidd's Antique Weapon Boutique.
   801 | D:1      | Discovered your monstrous ancestry.
   801 | D:1      | Gained mutation: You have large cloven feet. [demonic
                  | ancestry]
   801 | D:1      | Reached XP level 3. HP: 22/29 MP: 3/3
   861 | D:1      | Reached skill level 1 in Armour
   929 | D:1      | Reached skill level 1 in Throwing
  1815 | D:3      | Reached XP level 4. HP: 35/35 MP: 4/4
  1832 | D:3      | Found Ohesa's Weapon Emporium.
  1837 | D:3      | Bought 6 curare-tipped darts for 36 gold pieces
  2141 | D:3      | Found Zaneopp's Armour Boutique.
  2323 | D:4      | Found a staircase to the Ecumenical Temple.
  2332 | Temple   | Entered the Ecumenical Temple
  2344 | Temple   | Became a worshipper of Gozag Ym Sagoz the Greedy
  2366 | D:4      | Killed Grinder
  2367 | D:4      | Reached skill level 4 in Fighting
  2367 | D:4      | Reached skill level 1 in Long Blades
  2367 | D:4      | Gained mutation: You have a pair of small antennae on your
                  | head. [demonic ancestry]
  2367 | D:4      | Reached XP level 5. HP: 33/42 MP: 5/5
  2367 | D:4      | Gained mutation: You have a small tail. [demonic ancestry]
  2367 | D:4      | Reached XP level 6. HP: 38/48 MP: 6/6
  2886 | D:5      | Noticed Duvessa
  2889 | D:5      | Noticed Dowan
  3044 | D:4      | Reached XP level 7. HP: 54/55 MP: 7/7
  3858 | D:5      | Reached skill level 5 in Fighting
  4045 | D:5      | Gained mutation: You have a pair of antennae on your head.
                  | [demonic ancestry]
  4045 | D:5      | Reached XP level 8. HP: 20/59 MP: 8/8
  4393 | D:6      | Found a runed translucent door.
  4401 | D:6      | Noticed mathmaestro's ghost (novice TrMo)
  4435 | D:6      | Reached skill level 1 in Evocations
  4451 | D:6      | Slain by a wight

Illustrated notes

Levels and vault maps discovered:
D:1:      giann_horns, layout_rooms, minmay_ruptured
D:2:      layout_loops_ring, serial_shops, nicolae_square_shop
D:3:      layout_loops_ring, serial_shops, nicolae_shop_behind_doors, shop,
          nicolae_shop_competitors_out_of_business, nicolae_shop_hallway_plus,
          grunt_decor_fettered
D:4:      layout_basic, minmay_temple_entry_sparse_star, uniq_grinder
D:5:      layout_cave_pods, gammafunk_ghost_necromancy,
          minmay_misc_feat_more_columns, item_on_display_a, uniq_duvessa
D:6:      layout_basic, ebering_ghost_sewer_f
Temple:   regret_index_temple_sigil_plot

Skill      XL: |  1  2  3  4  5  6  7  8 |
---------------+-------------------------+-----
Axes           | 2 |  2.1
Dodging        | 2 3 4 |  4.2
Armour         | 1 2 3 |  3.6
Throwing       | 1 2 3 |  3.6
Fighting       | 4 5 |  5.1
Long Blades    | 1 2 3 |  3.4
Evocations     | 1 |  1.0
Stealth        | |  4.5

Action                   |  1- 3 |  4- 6 |  7- 9 || total
-------------------------+-------+-------+-------++-------
Melee: Hand axe          |    12 |       |       ||    12
       Long sword        |    95 |       |       ||    95
       Dagger            |    20 |    23 |       ||    43
       Kick              |    16 |    14 |    21 ||    51
       Quarterstaff      |       |    22 |    53 ||    75
       Tailslap          |       |     1 |     7 ||     8
Throw: Dart              |       |     4 |       ||     4
       Boomerang         |       |       |    10 ||    10
  Use: Potion            |       |       |     2 ||     2
 Stab: Sleeping          |    11 |     3 |     2 ||    16
       Distracted        |       |     1 |       ||     1
Armor: Leather armour    |    45 |    13 |    15 ||    73
Dodge: Dodged            |   117 |    23 |    35 ||   175

Table legend: (Time is in decaauts)
 A = Elapsed time spent in this place.
 B = Non-inter-level travel time spent in this place.
 C = Inter-level travel time spent in this place.
 D = Time resting spent in this place.
 E = Time spent auto-exploring this place.
 F = Levels seen in this place.
 G = Mean time per level.
                   A        B        C        D        E       F      G
               +--------+--------+--------+--------+--------+-----+--------+
         Total |   4500 |   4207 |    293 |    209 |   3154 |   7 |  642.9 |
       Dungeon |   4477 |   4194 |    283 |    209 |   3150 |   6 |  746.2 |
        Temple |     22 |     12 |     10 |      0 |      4 |   1 |   22.0 |
               +--------+--------+--------+--------+--------+-----+--------+

Top non-repeatable levels by time:
     D:5: 1371 daAuts
     D:4: 902 daAuts
     D:3: 743 daAuts
     D:2: 695 daAuts
     D:1: 505 daAuts
     D:6: 259 daAuts
  Temple: 22 daAuts
